 Dungeon Crawl Stone Soup version 0.31.0-9-g3a7656b989 (webtiles) character file.

Game seed: 15701567286593430369

110 boopmooplesden the Chopper (level 4, -5/40 HPs)
             Began as a Minotaur Fighter on Jan 24, 2024.
             Slain by Grinder (6 damage)
             ... on level 3 of the Dungeon.
             The game lasted 00:02:34 (2213 turns).

boopmooplesden the Chopper (Minotaur Fighter)       Turns: 2213, Time: 00:02:35

Health: -5/40      AC:  7    Str: 23    XL:     4   Next: 61%
Magic:  3/3        EV:  9    Int:  5    God:
Gold:   119        SH:  4    Dex:  9    Spells: 3/3 levels left

rFire   . . .        a - +1 war axe
rCold   . . .        c - +0 buckler
rNeg    . . .        b - +0 scale mail
rPois   .            (helmet restricted)
rElec   .            (no cloak)
rCorr   .            (no gloves)
SInv    .            (no boots)
Will    .....        (no amulet) Stlth
                     (no ring)
HPRegen 0.26/turn    (no ring)
MPRegen 0.08/turn

%: no passive effects
@: mighty
A: horns 2, retaliatory headbutt
a: no special abilities


You were on level 3 of the Dungeon.
You visited 1 branch of the dungeon, and saw 3 of its levels.

You collected 119 gold pieces.

Inventory:

Hand Weapons
 a - a +1 war axe (weapon)
Missiles
 o - 9 javelins (quivered)
Armour
 b - a +0 scale mail (worn)
 c - a +0 buckler (worn)
Jewellery
 m - an amulet of regeneration
 u - an amulet of reflection
Scrolls
 e - a scroll of teleportation
 r - 2 scrolls of immolation {unknown}
 s - a scroll of enchant armour {unknown}
Potions
 d - a potion of might
 f - a potion of resistance
 i - a potion of heal wounds {unknown}
 j - a potion of lignification {unknown}
 k - a potion of brilliance {unknown}
 n - 2 potions of degeneration
 t - a potion of cancellation {unknown}
 v - a potion of ambrosia {unknown}


   Skills:
 + Level 4.3 Fighting
 + Level 4.3 Axes
 + Level 4.3 Armour
 + Level 0.5 Dodging
 + Level 0.1 Stealth
 + Level 4.0 Shields


You had 3 spell levels left.
You didn't know any spells.
Your spell library contained the following spells:

 Spells                   Type           Power      Damage    Failure   Level
 Slow                     Hex            0%         N/A       85%         1
 Confusing Touch          Hex            0%         N/A       99%         3
 Sigil of Binding         Hex            0%         N/A       99%         3
 Vampiric Draining        Necr           0%         2d6       99%         3


Dungeon Overview and Level Annotations

Branches:
Dungeon (3/15)

Altars:

Annotations:
D:3 Grinder


Innate Abilities, Weirdness & Mutations

You have a pair of horns on your head.
You reflexively headbutt those who attack you in melee.


Message History

The ball python bites you. The ball python constricts you.
You slash the ball python!
You kill the ball python!
The goblin hits you with a +0 club.
You barely miss the goblin. The goblin hits you but does no damage.
You barely miss the goblin. The goblin hits you but does no damage.
You closely miss the goblin. The goblin hits you but does no damage.
Grinder blinks!
You slash the goblin!
You kill the goblin!
You barely miss Grinder. Grinder hits you.
You writhe in agony.
Grinder gestures at you.
You suddenly lose the ability to move!
Grinder hits you.
You can move again.
You closely miss Grinder. Your headbutt misses Grinder.
Grinder blinks!
Grinder gestures at you. You resist with significant effort.
You slash the bat!
You kill the bat!
Grinder gestures at you. Pain shoots through your body!
* * * LOW HITPOINT WARNING * * *
Items here: $ ) ††.
You feel very mighty all of a sudden. Grinder hits you but does no damage.
You closely miss Grinder. You headbutt Grinder.
Grinder is lightly wounded.
Grinder hits you but does no damage. Grinder hits you.
* * * LOW HITPOINT WARNING * * *
You slash Grinder!
Grinder is moderately wounded.
You block Grinder's attack.
You barely miss Grinder.
Grinder is moderately wounded.
Grinder hits you!
* * * LOW HITPOINT WARNING * * *
You writhe in agony.
You die...
Grinder says, "Now the real fun starts!"

... .... #.###.###.#.#
..........# .........##
.##... ###.###..###
....... ...........#
#.#....###.#.#.#..######
......#...............#
#....#.#.#......####.#
#.##...#@#.#...##.# #.#
........5#.#...##.####.#
.........#.#...........##
........[................
.............#.##.##.####
.........#...#.##.##.#
......##.#)..#.##.##.#
....<. #>....#.##.##.#
#.##.. #.#...#.##.##.#


You could see Grinder.

Vanquished Creatures
  4 adders
  3 dart slugs (D:1)
  A ribbon worm (D:2)
  An orc (D:3)
  7 ball pythons
  4 bats
  4 endoplasms
  4 giant cockroaches
  7 goblins
  5 hobgoblins
  2 jackals
  10 kobolds
  A quokka (D:1)
  3 frilled lizards
  8 rats
64 creatures vanquished.

Notes
Turn   | Place    | Note
-------+----------+-------------------------------------------
     0 | D:1      | boopmooplesden the Minotaur Fighter began the quest for the
                  | Orb.
     0 | D:1      | Reached XP level 1. HP: 19/19 MP: 0/0
   375 | D:1      | Reached XP level 2. HP: 27/27 MP: 1/1
   864 | D:1      | Reached XP level 3. HP: 33/33 MP: 2/2
  1417 | D:2      | Reached XP level 4. HP: 38/40 MP: 3/3
  2190 | D:3      | Noticed Grinder
  2202 | D:3      | Paralysed by Grinder for 2 turns
  2213 | D:3      | HP: 1/40 [Grinder (7)]
  2213 | D:3      | Slain by Grinder

Illustrated notes

Levels and vault maps discovered:
D:1:      dpeg_arrival_round_b, layout_basic, serial_co_window_serial,
          co_window_of_opportunity_a, co_window_of_opportunity_a,
          co_window_paths_a, co_window_cross_1, co_window_corner_a,
          co_window_paths_a, co_window_paths_b, co_window_corner_cb,
          co_window_broadway_b, co_window_broadway_b, co_window_corner_b,
          co_window_broadway_c, co_window_of_opportunity_b, co_window_4corner_a,
          glass_columns_c, glass_columns_a, glass_columns_a, chequers_arboretum,
          chequers_mini_garden, chequers_serial_rivers_room_a, st_stairs_11,
          minmay_domino_2
D:2:      layout_loops_ring, minmay_joined_circles
D:3:      layout_basic, kennysheep_slug_shrine, general_overflow_altar,
          uniq_natasha, uniq_grinder

Skill      XL: |  1  2  3 |
---------------+----------+-----
Armour         | 4 |  4.3
Fighting       | 4 |  4.3
Shields        | 4 |  4.0
Axes           | 3 4 |  4.3
Dodging        | |  0.5
Stealth        | |  0.1

Action                     |  1- 3 |  4- 6 || total
---------------------------+-------+-------++-------
  Melee: War axe           |    81 |    43 ||   124
         Headbutt          |     8 |     9 ||    17
    Use: Scroll            |       |     7 ||     7
         Potion            |       |     1 ||     1
 Armour: Scale mail        |    49 |    36 ||    85
  Dodge: Dodged            |    30 |    15 ||    45
  Block: Buckler           |    17 |     5 ||    22
